 Dungeon Sprint DCSS version 0.31-a0-632-g766dd24fdf (webtiles) character file.

Game seed: 2536248641424850610

1200000 sircluck the Imperceptible (level 14, -25/85 HPs)
             Began as a Formicid Ice Elementalist on Aug 25, 2023.
             Was a Believer of Makhleb.
             Annihilated by a meat berserker
             ... wielding a +9 battleaxe
              (63 damage)
             ... in the Dungeon (Sprint VIII: "Arena of Blood").
             The game lasted 00:00:20 (12 turns).

sircluck the Imperceptible (FoIE)                     Turns: 12, Time: 00:00:21

Health: -25/85     AC:  2    Str: 15    XL:     14   Next: 11%
Magic:  4/36       EV: 23    Int: 14    God:    Makhleb [**....]
Gold:   0          SH:  0    Dex: 18    Spells: 49/50 levels left

rFire   . . .        f - +∞ Axe of Woe
rCold   . . .        (no shield)
rNeg    . . .        a - +0 robe
rPois   .            (helmet unavailable)
rElec   .            (no cloak)
rCorr   .            (no gloves)
SInv    +            (no boots)
Will    +....        (no amulet)
Stlth   +++++++++    (no ring)
HPRegen 0.34/turn    (no ring)
MPRegen 0.25/turn

%: no passive effects
@: no status effects
A: permanent stasis, dig shafts and tunnels, antennae 3, four strong arms
a: Dig, Renounce Religion, Minor Destruction


You were in the Dungeon.
You worshipped Makhleb.
Makhleb was pleased with you.
You visited 1 branch

Inventory:

Hand Weapons
 f - the +∞ Axe of Woe (weapon)
   (You found it in the Dungeon)
Armour
 a - a +0 robe (worn)
Scrolls
 e - a scroll of blinking
Potions
 b - 3 potions of magic
 c - a potion of curing
 d - a potion of heal wounds


   Skills:
 + Level 17.1 Dodging
 + Level 23.3 Stealth
 + Level 18.5 Spellcasting
 + Level 18.8 Ice Magic


You had 49 spell levels left.
You knew the following spells:

 Your Spells              Type           Power      Damage    Failure   Level
a - Freeze                Ice            100%       1d10      0%          1

Your spell library contained the following spells:

 Spells                   Type           Power      Damage    Failure   Level
 Frozen Ramparts          Ice            100%       1d16      0%          3
 Ozocubu's Armour         Ice            60%        N/A       0%          3
 Summon Ice Beast         Ice/Summ       39%        N/A       1%          4


Dungeon Overview and Level Annotations

Branches:
Dungeon (1/1)

Altars:
Makhleb


Innate Abilities, Weirdness & Mutations

You cannot be hasted, slowed, berserked, paralysed or teleported.
You can dig through walls and to a lower floor.
You have a pair of large antennae on your head. (SInv)
Your four strong arms can wield two-handed weapons with a shield.


Message History

Unknown command.
The bag of meat shouts!
You hit the bag of meat.
You pulverise the bag of meat into a thin bloody mist.
You kill the bag of meat!
Makhleb accepts your kill.
You slash the bag of meat!
You slaughter the bag of meat joyfully.
You kill the bag of meat!
Makhleb accepts your kill.
You feel better.
A bag of meat comes into view. It is wielding a +9 war axe. x2
A meat berserker comes into view. It is wielding a +9 battleaxe.
The bag of meat hits you with a +9 war axe!!
A bag of meat comes into view. It is wielding a +9 war axe. x2
The bag of meat moves out of view.
Your Dodging skill gained 2 levels and is now at level 17!
Your Stealth skill gained 2 levels and is now at level 23!
Your Spellcasting skill gained 2 levels and is now at level 18!
Your Ice Magic skill gained 2 levels and is now at level 18!
You have reached level 14!
A meat berserker comes into view. It is wielding a +9 battleaxe.
Unknown command.
Unknown command.
Unknown command.
Unknown command.
The bag of meat shouts! x3
You hit the bag of meat.
You cleave the bag of meat in twain.
You kill the bag of meat!
Makhleb accepts your kill.
You can now harness Makhleb's destructive might.
You slash the bag of meat!
You pulverise the bag of meat into a thin bloody mist.
You kill the bag of meat!
Makhleb accepts your kill.
You hear a shout! x2
A meat berserker comes into view. It is wielding a +9 battleaxe.
The meat berserker rages.
The meat berserker hits you with a +9 battleaxe!!!
Ouch! That really hurt!
You die...

..o........
........... {{
o........ ,
#.......#, .
#....{..#
...###... ..###..
.......)###.......
#......@)_.o.O....
......#O)...#.....
..... #_.<._#, ...
...O #.....# { .
#.. ....._.....{
........###.....{
. .###..O{ ..###.
#o.. .o#{ #.. ..#
{


You could see 4 meat berserkers and 5 bags of meat.

Vanquished Creatures
  An ogre (D)
  5 orcs (D)
6 creatures vanquished.

Notes
Turn   | Place    | Note
-------+----------+-------------------------------------------
     0 | D        | Found the +∞ Axe of Woe
     0 | D        | sircluck the Formicid Ice Elementalist began the quest for
                  | the Orb.
     0 | D        | Reached XP level 1. HP: 13/13 MP: 3/3
     1 | D        | Noticed a bag of meat
     3 | D        | Became a worshipper of Makhleb the Destroyer
     3 | D        | Noticed a meat berserker
     5 | D        | Noticed a bag of meat
     5 | D        | Noticed a bag of meat
     6 | D        | Killed a meat berserker
     6 | D        | Noticed a bag of meat
     6 | D        | Noticed a bag of meat
     7 | D        | Reached skill level 19 in Stealth
     7 | D        | Reached skill level 15 in Spellcasting
     7 | D        | Reached skill level 15 in Ice Magic
     7 | D        | Reached XP level 2. HP: 19/19 MP: 3/18
     7 | D        | Reached XP level 3. HP: 24/24 MP: 3/19
     7 | D        | Reached XP level 4. HP: 30/30 MP: 3/21
     7 | D        | Reached XP level 5. HP: 35/35 MP: 3/22
     7 | D        | Reached XP level 6. HP: 41/41 MP: 3/24
     7 | D        | Reached XP level 7. HP: 46/46 MP: 3/25
     7 | D        | Reached XP level 8. HP: 52/52 MP: 3/27
     7 | D        | Reached XP level 9. HP: 57/57 MP: 3/28
     7 | D        | Reached XP level 10. HP: 63/63 MP: 3/29
     7 | D        | Reached XP level 11. HP: 68/68 MP: 3/30
     7 | D        | Reached XP level 12. HP: 74/74 MP: 3/31
     8 | D        | Noticed a bag of meat
     9 | D        | Noticed a bag of meat
    10 | D        | Killed a bag of meat
    10 | D        | Reached * piety under Makhleb
    10 | D        | Noticed a meat berserker
    10 | D        | Noticed a bag of meat
    10 | D        | Noticed a bag of meat
    11 | D        | Reached skill level 15 in Dodging
    11 | D        | Reached skill level 21 in Stealth
    11 | D        | Reached XP level 13. HP: 40/79 MP: 4/33
    11 | D        | Killed a bag of meat
    11 | D        | Killed a bag of meat
    11 | D        | Noticed a bag of meat
    11 | D        | Noticed a bag of meat
    11 | D        | Noticed a meat berserker
    11 | D        | Noticed a bag of meat
    11 | D        | Noticed a bag of meat
    12 | D        | Reached skill level 23 in Stealth
    12 | D        | Reached XP level 14. HP: 37/85 MP: 4/36
    12 | D        | Noticed a meat berserker
    12 | D        | Killed a bag of meat
    12 | D        | Reached ** piety under Makhleb
    12 | D        | Killed a bag of meat
    12 | D        | Noticed a meat berserker
    12 | D        | Annihilated by a meat berserker

Illustrated notes

Levels and vault maps discovered:
D:        meatsprint

Skill      XL: |  1  2  3  4  5  6  7  8  9 10 11 12 13 |
---------------+----------------------------------------+-----
Dodging        | 14 15 17 | 17.1
Stealth        | 19 21 23 | 23.3
Spellcasting   | 15 16 18 | 18.5
Ice Magic      | 15 16 18 | 18.8

Action                     |  1- 3 |  4- 6 |  7- 9 | 10-12 | 13-15 || total
---------------------------+-------+-------+-------+-------+-------++-------
  Melee: Executioner's axe |     1 |       |       |     1 |     2 ||     4

Table legend: (Time is in decaauts)
 A = Elapsed time spent in this place.
 B = Non-inter-level travel time spent in this place.
 C = Inter-level travel time spent in this place.
 D = Time resting spent in this place.
 E = Time spent auto-exploring this place.
 F = Levels seen in this place.
 G = Mean time per level.
                   A        B        C        D        E       F      G
               +--------+--------+--------+--------+--------+-----+--------+
         Total |     14 |     14 |      0 |      0 |      0 |   1 |   14.0 |
       Dungeon |     14 |     14 |      0 |      0 |      0 |   1 |   14.0 |
               +--------+--------+--------+--------+--------+-----+--------+

Top non-repeatable levels by time:
       D: 14 daAuts
